 Dungeon Crawl Stone Soup version 0.17-a0-483-g810ce3f (webtiles) character file.

9642 inmateoo the Cleaver (level 11, -5/138 HPs)
             Began as a Deep Dwarf Necromancer on Apr 8, 2015.
             Was a High Priest of Makhleb.
             Slain by a 13-headed hydra (10 damage)
             ... on level 10 of the Dungeon.
             The game lasted 00:36:57 (12454 turns).

inmateoo the Cleaver (Deep Dwarf Necromancer)      Turns: 12454, Time: 00:36:58

Health: -5/138     AC: 13    Str: 18    XL:     11   Next: 25%
Magic:  23/23      EV: 17    Int: 24    God:    Makhleb [*****.]
Gold:   329        SH:  0    Dex: 19    Spells: 3 memorised, 18 levels left

rFire  + . .     SeeInvis .     S - +4 broad axe (venom)
rCold  . . .     Clarity  .     V - +1 scale mail of Vosoc {rF+ Str+2 Int+4 Dex+2}
rNeg   . . .     SustAb   .     (no shield)
rPois  .         Gourm    .     K - +0 helmet
rElec  .         Spirit   .     C - +1 cloak
rCorr  +         Warding  .     y - +0 pair of gloves
rMut   .         Stasis   .     k - +0 pair of boots (curse)
MR     +....                    W - amulet of resist corrosion
Stlth  ..........               l - +5 ring of evasion
                                T - +4 ring of dexterity

@: berserking, non-regenerating, very quick, somewhat resistant to hostile
enchantments, extremely unstealthy
A: damage resistance, recharge devices, claws 1, sense surroundings 2, slow
healing 3, spit poison 1, wild magic 1
a: Device Recharging, Spit Poison, Minor Destruction, Lesser Servant of Makhleb,
Major Destruction, Greater Servant of Makhleb, Renounce Religion


You were on level 10 of the Dungeon.
You worshipped Makhleb.
Makhleb was extremely pleased with you.
You were hungry.

You visited 2 branches of the dungeon, and saw 11 of its levels.

You collected 590 gold pieces.
You spent 261 gold pieces at shops.

Inventory:

Hand weapons
 v - a +1 dagger of electrocution
 S - a +4 broad axe of venom (weapon)
Missiles
 e - 5 silver javelins (quivered)
Armour
 a - a +1 robe
 g - a +0 buckler
 k - a cursed +0 pair of boots (worn)
 y - a +0 pair of gloves (worn)
 C - a +1 cloak (worn)
 K - a +0 helmet (worn)
 V - the +1 scale mail of Vosoc (worn) {rF+ Str+2 Int+4 Dex+2}
   (You found it on level 9 of the Dungeon)

   It affects your strength (+2).
   It affects your intelligence (+4).
   It affects your dexterity (+2).
   It protects you from fire.
Jewellery
 l - a +5 ring of evasion (right hand)
 m - an uncursed ring of positive energy
 u - an uncursed ring of flight
 G - an uncursed ring of protection from cold
 M - a cursed -2 ring of protection {unknown}
 T - a +4 ring of dexterity (left hand)
 W - an amulet of resist corrosion (around neck)
Magical devices
 c - a wand of heal wounds (4)
 H - a wand of polymorph (15)
 J - a wand of invisibility (0)
 P - a wand of paralysis (9)
 R - a wand of lightning (7)
 U - a wand of polymorph (9)
Scrolls
 j - 4 scrolls of remove curse
 t - 3 scrolls of enchant armour
 w - 4 scrolls of magic mapping
 B - a scroll of fear
 I - a scroll of teleportation
 N - a scroll of amnesia
Potions
 f - 7 potions of curing
 o - 3 potions of cancellation
 p - a potion of cure mutation
 q - 2 potions of haste
 s - 3 potions of restore abilities
 x - 2 potions of agility
 z - 3 potions of poison {unknown}
 A - 3 potions of brilliance
 F - 2 potions of flight
 L - a potion of might
Books
 b - a book of Necromancy

   Spells                             Type                      Level
   a - Pain                           Necromancy                   1
   b - Animate Skeleton               Necromancy                   1
   c - Vampiric Draining              Necromancy                   3
   d - Regeneration                   Charms/Necromancy            3
   e - Animate Dead                   Necromancy                   4
   f - Control Undead                 Necromancy                   4
 r - a book of Clouds

   Spells                             Type                      Level
   a - Mephitic Cloud                 Conjuration/Poison/Air       3
   b - Conjure Flame                  Conjuration/Fire             3
   c - Poisonous Cloud                Conjuration/Poison/Air       6
   d - Freezing Cloud                 Conjuration/Ice/Air          6
   e - Ring of Flames                 Charms/Fire                  7
 O - a book of Enchantments

   Spells                             Type                      Level
   a - Cause Fear                     Hexes                        4
   b - Silence                        Hexes/Air                    5
   c - Deflect Missiles               Charms/Air                   6
   d - Haste                          Charms                       6
   e - Discord                        Hexes                        8
 X - a book of Fire

   Spells                             Type                      Level
   a - Ignite Poison                  Fire/Transmutation           5
   b - Fireball                       Conjuration/Fire             5
   c - Bolt of Fire                   Conjuration/Fire             6
   d - Delayed Fireball               Conjuration/Fire             7
   e - Ring of Flames                 Charms/Fire                  7
Comestibles
 d - 6 bread rations
 h - 6 meat rations
 i - 9 royal jellies
 n - 10 fruits
 D - 5 beef jerkies
 E - 3 slices of pizza


   Skills:
 + Level 4.2 Fighting
 * Level 9.9 Axes
 + Level 3.2 Armour
 + Level 3.8 Dodging
 + Level 5.4 Stealth
 + Level 1.8 Shields
 + Level 8.3 Spellcasting
 + Level 8.9 Necromancy
 - Level 7.0 Evocations


You had 18 spell levels left.
You knew the following spells:

 Your Spells              Type           Power        Failure   Level  Hunger
a - Pain                  Necr           ####         2%          1    None
b - Vampiric Draining     Necr           ######....   4%          3    None
c - Animate Dead          Necr           N/A          13%         4    ##.....


Dungeon Overview and Level Annotations

Branches:
Dungeon (10/15)            Temple (1/1) D:5            Lair (0/8) D:8
    Orc: D:9-12

Altars:
Ashenzari
Cheibriados
Dithmenos
Elyvilon
Fedhas
Gozag
Kikubaaqudgha
Makhleb
Nemelex Xobeh
Qazlal
Sif Muna
Trog
Vehumet
Xom
Zin
The Shining One

Shops:
D:9 *   D:10 [

Annotations:
D:3 Terence
D:4 Radiman's ghost, average CeFi
D:5 Grinder


Innate Abilities, Weirdness & Mutations

You are resistant to damage.
You can recharge devices by infusing magical energy.
You passively map the area around you.
You do not heal naturally.
You have sharp fingernails.
You can spit weak poison.
Your spells are a little harder to cast, but a little more powerful.


Message History

You lop one of the 12-headed hydra's heads off!
The 11-headed hydra grows two more!
You slice the 13-headed hydra!!
The 13-headed hydra is heavily wounded.
You slash the shadow imp!
You kill the shadow imp!
Makhleb accepts your kill.
You feel a little better.
The 13-headed hydra bites you but does no damage. x2
The 13-headed hydra bites you.
* * * LOW HITPOINT WARNING * * *
The 13-headed hydra barely misses you. The 13-headed hydra bites you.
* * * LOW HITPOINT WARNING * * *
The 13-headed hydra bites you!
* * * LOW HITPOINT WARNING * * *
The 13-headed hydra bites you.
* * * LOW HITPOINT WARNING * * *
The 13-headed hydra closely misses you.
The 13-headed hydra bites you but does no damage.
The 13-headed hydra misses you. The 13-headed hydra bites you!
You die...

##.## #...>.########..
###...### ##...## #..
#.......## ##..## ##..
##.#.....## #..## #..#
#...#.....####..#### #..#
#...........#......#######.##
###...#.....................#
#...........................#
##...##......@D....######...#
##.######....#...=.## ##..#
#.## ##.....###....### ##(##
### #......######...### #(.#
##...#...# ##....###..#
##...###..## ##.....#...
##..### ##..### ##.......(
#..## #....#####........ ####
#........##.......


You could see a 13-headed hydra.

Vanquished Creatures
  Erica (D:9)
  An unseen horror (D:10)
  A manticore (D:10)
  A centaur zombie (D:10)
  Joseph (D:10)
  A komodo dragon (D:8)
  2 trolls (D:10)
  A two-headed ogre (D:9)
  2 trapdoor spiders (D:10)
  A wyvern (D:8)
  2 yaks (D:9)
  2 hippogriffs
  2 hungry ghosts (D:10)
  2 soldier ants (D:9)
  A phantom (D:7)
  Duvessa (D:6)
  2 sky beasts
  3 orc warriors
  3 ice beasts
  2 black bears
  4 centaurs
  5 ogres
  3 big kobolds
  4 giant frogs
  3 scorpions
  Dowan (D:6)
  6 killer bees
  3 jellies
  A quasit (D:10)
  3 crimson imps (D:7)
  A giant frog zombie (D:10)
  5 wights (D:8)
  3 hounds
  2 giant frog skeletons
  3 goliath beetles
  11 worker ants
  An orc priest (D:4)
  Jessica (D:3)
  An iguana (D:9)
  15 orc wizards
  A killer bee zombie (D:6)
  A hound skeleton (D:9)
  16 adders
  3 shadow imps
  A worm (D:4)
  42 orcs
  2 ball pythons
  3 bat skeletons
  5 giant cockroaches
  16 hobgoblins
  9 jackals
  23 kobolds
  17 bats
  11 giant geckos
  4 giant newts
  14 goblins
  A jackal zombie (D:5)
  4 quokkas
  14 rats
295 creatures vanquished.

Vanquished Creatures (collateral kills)
  Sigmund (D:5)
  2 hungry ghosts (D:7)
  A yak (D:9)
  A centaur (D:7)
  A giant frog zombie (D:7)
  A jelly (D:7)
  A worker ant (D:7)
  An orc (D:9)
  3 kobolds
  2 rats (D:9)
14 creatures vanquished.

Vanquished Creatures (others)
  An orc priest (D:4)
  A killer bee zombie (D:7)
  A worker ant zombie (D:7)
  A quokka (D:4)
  2 goliath beetle zombies
  An orc (D:4)
  2 bat zombies
  A plant (D:8)
10 creatures vanquished.

Grand Total: 319 creatures vanquished

Notes
Turn   | Place    | Note
--------------------------------------------------------------
     0 | D:1      | inmateoo, the Deep Dwarf Necromancer, began the quest for the Orb.
     0 | D:1      | Reached XP level 1. HP: 15/15 MP: 3/3
   226 | D:1      | Reached XP level 2. HP: 18/24 MP: 2/4
   756 | D:1      | Reached skill level 1 in Fighting
  1076 | D:2      | Reached XP level 3. HP: 18/31 MP: 2/5
  1149 | D:2      | Reached skill level 1 in Evocations
  1195 | D:2      | Learned a level 3 spell: Vampiric Draining
  1884 | D:2      | Reached XP level 4. HP: 29/39 MP: 0/7
  2259 | D:3      | Reached skill level 5 in Necromancy
  2342 | D:3      | Found a shattered altar of Ashenzari.
  2521 | D:3      | Found a deep blue altar of Sif Muna.
  2663 | D:3      | Found a snail-covered altar of Cheibriados.
  2775 | D:3      | Noticed Jessica
  2793 | D:3      | Killed Jessica
  2853 | D:3      | Learned a level 4 spell: Animate Dead
  2910 | D:3      | Reached XP level 5. HP: 38/45 MP: 2/8
  3097 | D:3      | Noticed Terence
  3100 | D:3      | Gained mutation: You can spit weak poison. [potion of mutation]
  3100 | D:3      | Gained mutation: Your spells are a little harder to cast, but a little more powerful. [potion of mutation]
  3100 | D:3      | Gained mutation: You have sharp fingernails. [potion of mutation]
  3453 | D:4      | Noticed Radiman's ghost (average CeFi)
  3729 | D:4      | Noticed an ogre
  3879 | D:3      | Killed an ogre
  3879 | D:3      | Reached XP level 6. HP: 13/55 MP: 0/10
  4650 | D:4      | Found a white marble altar of Elyvilon.
  4658 | D:5      | Entered Level 5 of the Dungeon
  4836 | D:4      | Reached XP level 7. HP: 47/62 MP: 2/13
  5079 | D:4      | Reached skill level 1 in Axes
  5714 | D:5      | Reached skill level 6 in Necromancy
  5990 | D:5      | Noticed Sigmund
  6014 | D:5      | Killed Sigmund
  6014 | D:5      | Reached XP level 8. HP: 46/69 MP: 13/15
  6026 | D:5      | Reached skill level 5 in Evocations
  6112 | D:5      | Noticed Grinder
  6219 | D:5      | Found a staircase to the Ecumenical Temple.
  6235 | Temple   | Entered the Ecumenical Temple
  6256 | Temple   | Became a worshipper of Makhleb the Destroyer
  6372 | D:5      | Found a shadowy altar of Dithmenos.
  6702 | D:5      | Reached skill level 5 in Spellcasting
  7093 | D:6      | Noticed Duvessa
  7095 | D:6      | Found a deep blue altar of Sif Muna.
  7130 | D:6      | Noticed Dowan
  7147 | D:6      | Killed Dowan
  7244 | D:6      | Killed Duvessa
  7366 | D:6      | Acquired Makhleb's first power
  7620 | D:6      | Found a stormy altar of Qazlal.
  7943 | D:7      | Reached skill level 5 in Axes
  8098 | D:7      | Gained mutation: You passively map the area around you. [Deep Dwarf growth]
  8098 | D:7      | Reached XP level 9. HP: 51/76 MP: 3/17
  8144 | D:7      | Reached skill level 7 in Necromancy
  8338 | D:7      | Acquired Makhleb's second power
  8868 | D:7      | Found a radiant altar of Vehumet.
  9234 | D:8      | Acquired Makhleb's third power
  9850 | D:8      | Reached XP level 10. HP: 65/84 MP: 17/20
  9944 | D:8      | Reached skill level 8 in Axes
 10179 | D:8      | Noticed a komodo dragon
 10183 | D:8      | Found a staircase to the Lair.
 10264 | D:8      | Killed a komodo dragon
 10549 | D:9      | Noticed Erica
 10622 | D:9      | Acquired Makhleb's fourth power
 10682 | D:9      | Found Juhousom's General Store.
 10685 | D:9      | Bought a +3 broad axe of venom for 261 gold pieces
 10879 | D:9      | Got a citrine-encrusted scale mail
 10890 | D:9      | Identified the +1 scale mail of Vosoc {rF+ Str+2 Int+4 Dex+2} (You found it on level 9 of the Dungeon)
 10899 | D:9      | Found a glowing silver altar of Zin.
 10956 | D:9      | Found a deep blue altar of Sif Muna.
 11007 | D:9      | Reached skill level 1 in Armour
 11012 | D:9      | Reached skill level 9 in Axes
 11185 | D:9      | Killed Erica
 11302 | D:10     | Entered Level 10 of the Dungeon
 11313 | D:10     | Found a burning altar of Makhleb.
 11473 | D:10     | Acquired Makhleb's fifth power
 11593 | D:10     | Found Viseomin's Armour Shop.
 11613 | D:10     | Noticed Joseph
 11640 | D:10     | Reached skill level 5 in Stealth
 11806 | D:10     | Killed an unseen horror
 11806 | D:10     | Reached skill level 1 in Shields
 11806 | D:10     | Reached XP level 11. HP: 63/92 MP: 23/23
 12179 | D:10     | Killed Joseph
 12439 | D:10     | Noticed an eight-headed hydra
 12454 | D:10     | HP: 6/138 [13-headed hydra (6)]
 12454 | D:10     | Slain by a 13-headed hydra

Action                   |  1- 3 |  4- 6 |  7- 9 | 10-12 || total
-------------------------+-------+-------+-------+-------++-------
Melee: Club              |    70 |   114 |       |       ||   184
       Unarmed           |     6 |       |       |       ||     6
       Hand axe          |       |    42 |    65 |       ||   107
       Dagger            |       |       |   370 |    61 ||   431
       Broad axe         |       |       |       |   212 ||   212
Throw: Javelin           |       |       |     5 |       ||     5
 Cast: Pain              |    44 |    15 |    12 |     2 ||    73
       Vampiric Draining |     7 |    51 |   121 |    36 ||   215
       Animate Dead      |       |     1 |     3 |     1 ||     5
Evoke: Wand              |       |       |     2 |     6 ||     8
  Use: Scroll            |     8 |     5 |     7 |     6 ||    26
       Potion            |       |     3 |       |     1 ||     4
 Stab: Sleeping          |     2 |     2 |     7 |     6 ||    17
       Distracted        |       |       |       |     1 ||     1
  Eat: Chunk             |     5 |    13 |    20 |     9 ||    47
       Pizza             |       |     1 |       |       ||     1
       Beef jerky        |       |       |     2 |       ||     2
